 Dungeon Crawl Stone Soup version 0.28.0-53-g5a82cb258f (webtiles) character file.

Game seed: 505318798262362278

109 LynnLen the Sneak (level 4, -7/24 HPs)
             Began as a Vampire Enchanter on July 25, 2022.
             Mangled by a wyvern zombie (14 damage)
             ... on level 5 of the Dungeon on July 26, 2022.
             The game lasted 00:08:02 (2454 turns).

LynnLen the Sneak (Vampire Enchanter)               Turns: 2454, Time: 00:08:03

Health: -7/24      AC:  4    Str:  7    XL:     4   Next: 59%
Magic:  7/7        EV: 12    Int: 17    God:
Gold:   94         SH:  0    Dex: 16    Spells: 2/7 levels left

rFire   . . .      SeeInvis +   a - +1 dagger
rCold   + + .      Faith    .   (no shield)
rNeg    + + +      Spirit   .   e - +1 leather armour
rPois   ∞          Reflect  .   (no helmet)
rElec   .          Harm     .   (no cloak)
rCorr   .          Rampage  .   (no gloves)
Will    .....                   (no boots)
Stlth   +++++.....              (no amulet)
HPRegen 0.00/turn               (no ring)
MPRegen 0.10/turn               (no ring)

@: bloodless, inhibited regen
A: bloodless, fangs 3, see invisible, vampiric 2
a: Bat Form, Revivify


You were on level 5 of the Dungeon.
You visited 1 branch of the dungeon, and saw 4 of its levels.

You collected 94 gold pieces.

Inventory:

Hand Weapons
 a - a +1 dagger (weapon)
Missiles
 k - 5 atropa-tipped darts (quivered)
Armour
 b - a +0 robe
 e - a +1 leather armour (worn)
Jewellery
 g - an amulet of faith
Scrolls
 h - a scroll of vulnerability {unknown}
Potions
 c - a potion of invisibility
 d - a potion of resistance
 f - a potion of curing {unknown}
 i - a potion of heal wounds {unknown}
 j - a potion of ambrosia {unknown}
 l - a potion of berserk rage {unknown}


   Skills:
 + Level 2.3 Short Blades
 + Level 2.5 Dodging
 * Level 7.4 Stealth
 * Level 2.0 Spellcasting
 - Level 4.4 Hexes


You had 2 spell levels left.
You knew the following spells:

 Your Spells              Type           Power      Damage    Failure   Level
a - Confusing Touch       Hex            16%        N/A       14%         3
b - Ensorcelled Hibernat  Hex/Ice        18%        N/A       19%         2

Your spell library contained the following spells:

 Spells                   Type           Power      Damage    Failure   Level
 Blink                    Tloc           2%         N/A       41%         2
 Tukima's Dance           Hex            16%        N/A       14%         3
 Dazzling Flash           Conj/Hex       18%        N/A       34%         3
 Lesser Beckoning         Tloc           1%         N/A       65%         3
 Manifold Assault         Tloc           1%         N/A       100%        5


Dungeon Overview and Level Annotations

Branches:
Dungeon (3/15)

Altars:
Trog
Xom

Shops:
D:1 :((*(


Innate Abilities, Weirdness & Mutations

You do not regenerate when monsters are visible.
You are frail without blood (-20% HP).
You can heal yourself when you bite living creatures.
You are immune to poison.
You have razor-sharp teeth.
You have supernaturally acute eyesight. (SInv)
You are afflicted with vampirism and can become a bat while bloodless.


Message History

A goblin is nearby!
The helpless goblin fails to defend itself.
You bite the goblin, and draw its blood!
You impale the goblin!!
You kill the goblin!
Things that are here:
a +0 dagger; a goblin corpse
Found a hunting sling.
You now have 88 gold pieces (gained 9).
You now have 94 gold pieces (gained 6).
Found a dagger.
You open the door.
Found a robe.
Found a stone staircase leading down.
There is an open door here.
You open the door.
A sourceless malevolence fills the Dungeon...
You fall into a shaft and drop 2 floors!
The shaft crumbles and collapses.
A wyvern zombie comes into view.
Found a stone staircase leading down.
A wyvern zombie is nearby!
The helpless wyvern zombie fails to defend itself.
You impale the wyvern zombie!!
The wyvern zombie is severely damaged.
The wyvern zombie bites you.
You hit the wyvern zombie. You bite the wyvern zombie.
The wyvern zombie is almost destroyed.
The wyvern zombie bites you.
You hit the wyvern zombie.
The wyvern zombie is almost destroyed.
The wyvern zombie bites you!
* * * LOW HITPOINT WARNING * * *
You completely miss the wyvern zombie.
The wyvern zombie is almost destroyed.
The wyvern zombie barely misses you.
You hit the wyvern zombie. You bite the wyvern zombie.
The wyvern zombie is almost destroyed.
The wyvern zombie bites you!
Ouch! That really hurt!
You die...

#. #.# #.# #.# ##
#.# ##.##.#
###...#.#######.#
.>.......@Z......
##...#.#######.#
## ##.## ##...##
#.###.# #.# #.#
#.###.# ##...##
##.##


You could see a wyvern zombie.

Vanquished Creatures
  4 gnolls (D:2)
  An adder (D:2)
  2 dart slugs (D:1)
  A worm (D:2)
  6 ball pythons
  8 endoplasms
  3 giant cockroaches
  6 goblins
  9 hobgoblins
  A kobold (D:1)
  2 quokkas
  4 bats
  A frilled lizard (D:1)
  3 rats
51 creatures vanquished.

Notes
Turn   | Place    | Note
-------+----------+-------------------------------------------
     0 | D:1      | LynnLen the Vampire Enchanter began the quest for the Orb.
     0 | D:1      | Reached XP level 1. HP: 13/13 MP: 3/3
    14 | D:1      | Found Opsy's Weapon Boutique.
   249 | D:1      | Reached skill level 5 in Stealth
   293 | D:1      | Found Zonel's Book Shop.
   317 | D:1      | Reached XP level 2. HP: 14/15 MP: 5/5
   365 | D:1      | Found a faded altar of an unknown god.
   413 | D:1      | Found Jurph's Weapon Shoppe.
   428 | D:1      | Found Xoemiw's General Store.
   578 | D:1      | Found Ynaloty's Weapon Shoppe.
   585 | D:1      | Reached skill level 6 in Stealth
   597 | D:1      | Gained mutation: You are afflicted with vampirism and can
                  | become a bat while bloodless. [Vampire growth]
   597 | D:1      | Reached XP level 3. HP: 12/19 MP: 6/6
  1445 | D:2      | Learned a level 3 spell: Confusing Touch
  1448 | D:2      | Learned a level 2 spell: Ensorcelled Hibernation
  1591 | D:2      | Found a bloodstained altar of Trog.
  1620 | D:2      | Reached XP level 4. HP: 24/24 MP: 7/7
  1621 | D:2      | Reached skill level 7 in Stealth
  2101 | D:3      | Found a shimmering altar of Xom.
  2435 | D:3      | You fall into a shaft and drop 2 floors!
  2435 | D:5      | Entered Level 5 of the Dungeon
  2454 | D:5      | Mangled by a wyvern zombie

Illustrated notes

Levels and vault maps discovered:
D:1:      amcnicky_arrival_choice, layout_rooms,
          shapermc_ecumenical_altar_notcrosses, serial_shops,
          nicolae_shop_waterfront, nicolae_diamond_shop,
          nicolae_shop_bloodbath_and_beyond, shop,
          nicolae_shop_competitors_out_of_business, serial_co_window_serial,
          co_window_corner_a, co_window_paths_b, co_window_paths_a,
          co_window_paths_b, co_window_corner_a, co_window_paths_b,
          co_window_corner_a, co_window_of_opportunity_c, co_window_broadway_a,
          co_window_corner_ca, co_window_4corner_a
D:2:      layout_basic, basic_altar, skrybe_limestone_x
D:3:      layout_loops_corners, mainiacjoe_overflow_alcove_4,
          nicolae_ru_awakened_eye, uniq_terence
D:5:      layout_loops_corners, serial_shops, shop, st_stairs_9,
          guppyfry_early_orc_mine

Skill      XL: |  1  2  3  4 |
---------------+-------------+-----
Stealth        | 5 6 7 |  7.4
Short Blades   | 2 |  2.3
Dodging        | |  2.5
Spellcasting   | |  2.0
Hexes          | |  4.4

Action                   |  1- 3 |  4- 6 || total
-------------------------+-------+-------++-------
Melee: Dagger            |   111 |    30 ||   141
       Bite              |    16 |     7 ||    23
       Punch             |     4 |       ||     4
 Abil: Exsanguinate      |     1 |       ||     1
  Use: Scroll            |     4 |     4 ||     8
 Stab: Sleeping          |    12 |     9 ||    21
       Distracted        |     1 |       ||     1
Armor: Robe              |     5 |       ||     5
       Leather armour    |    16 |     6 ||    22
Dodge: Dodged            |    76 |    17 ||    93
